 Dungeon Crawl Stone Soup version 0.28-a0-1002-gf00fe891ef (webtiles) character file.

Game seed: 4595204282107577676

58 Umoon the Ducker (level 3, 0/25 (28) HPs)
             Began as a Demonspawn Gladiator on Dec 6, 2021.
             Slain by a kobold (4 damage)
             ... on level 2 of the Dungeon.
             The game lasted 00:02:25 (1778 turns).

Umoon the Ducker (Demonspawn Gladiator)             Turns: 1778, Time: 00:02:26

HP:   0/25 (28)     AC:  6    Str: 22    XL:     3   Next: 76%
MP:   3/3           EV: 12    Int:  9    God:
Gold: 2             SH:  0    Dex: 14    Spells: 2/2 levels left

rFire   . . .      SeeInvis .   a - +0 rapier
rCold   . . .      Faith    .   (no shield)
rNeg    . . .      Spirit   .   b - +0 leather armour
rPois   .          Reflect  .   c - +0 helmet
rElec   .          Harm     .   (no cloak)
rCorr   .          Rampage  .   (no gloves)
Will    .....                   (no boots)
Stlth   +.........              (no amulet)
HPRegen 0.08/turn               f - +6 ring of strength
MPRegen 0.08/turn               (no ring)

@: heavily drained
A: slimy green scales 1
a: no special abilities


You were on level 2 of the Dungeon.
You visited 1 branch of the dungeon, and saw 2 of its levels.

You collected 2 gold pieces.

Inventory:

Hand Weapons
 a - a +0 rapier (weapon)
Missiles
 d - 3 throwing nets (quivered)
Armour
 b - a +0 leather armour (worn)
 c - a +0 helmet (worn)
Jewellery
 f - a +6 ring of strength (left hand)
Scrolls
 e - 3 scrolls of identify {unknown}
 i - a scroll of amnesia {unknown}
Potions
 g - a potion of brilliance {unknown}
 h - a potion of flight {unknown}


   Skills:
 + Level 2.8 Fighting
 - Level 2.6 Short Blades
 - Level 1.7 Throwing
 + Level 1.6 Armour
 + Level 3.3 Dodging


You had 2 spell levels left.
You didn't know any spells.
Your spell library was empty.

Dungeon Overview and Level Annotations

Branches:
Dungeon (2/15)

Altars:

Shops:
D:1 =(*=

Annotations:
D:2 Sigmund


Innate Abilities, Weirdness & Mutations

You are partially covered in slimy green scales. (AC +2)


Message History

A kobold comes into view. It is wielding a +4 dagger of draining.
A puff of flame appears from out of thin air!
The puff of flame hits you!
The kobold shouts!
The kobold throws a stone.
The stone hits you but does no damage.
Something tries to affect you, but you resist.
You hear a zap.
A puff of flame appears from out of thin air!
The puff of flame misses you.
The kobold throws a stone.
The stone hits you.
The kobold throws a stone.
The stone barely misses you. The kobold closely misses you.
Found a scroll labelled CIFARCHECORO.
The kobold hits you but does no damage.
You feel drained.
A bat comes into view.
The kobold barely misses you.
You barely miss the bat. The bat hits you. The bat closely misses you.
The kobold hits you but does no damage.
You feel drained. The kobold hits you but does no damage.
You hit the bat but do no damage. The bat hits you but does no damage.
The kobold hits you but does no damage.
You feel drained.
The kobold hits you with a +0 short sword.
The bat hits you but does no damage. The bat closely misses you.
The kobold throws a stone.
The stone hits you.
* * * LOW HITPOINT WARNING * * *
The bat closely misses you. The bat hits you.
* * * LOW HITPOINT WARNING * * *
You puncture the bat!
You kill the bat!
The kobold completely misses you.
A bat comes into view.
Found a stone staircase leading down.
The bat barely misses you. x2
The kobold hits you with a +0 short sword.
* * * LOW HITPOINT WARNING * * *
The bat closely misses you. The bat misses you. The bat barely misses you.
The kobold hits you with a +0 short sword.
You die...

.................# .#
........####.....# ..#
###...####....#..# ..# #...#
#.####..# #.# ###...####.#
#..# #.##
#........#.####..#####..#
#........#..............#
#........#####...KK.....# #
#........# #).@b......#.#
#........#############....###
#..................K.........#
#..........##########.##..##.#
#..........# #.# ..# #
##+#####...# #.# ..# #...# #.#
.# #...# #.. ># #...# ###


You could see a bat and 2 kobolds.

Vanquished Creatures
  An adder (D:2)
  A worm (D:2)
  A dart slug (D:2)
  7 endoplasms
  A giant cockroach (D:1)
  4 hobgoblins
  7 kobolds
  3 quokkas
  4 ball pythons
  2 bats
  5 frilled lizards
  3 goblins
  3 rats
42 creatures vanquished.

Vanquished Creatures (others)
  4 plants (D:2)
4 creatures vanquished.

Grand Total: 46 creatures vanquished

Notes
Turn   | Place    | Note
-------+----------+-------------------------------------------
     0 | D:1      | Umoon the Demonspawn Gladiator began the quest for the Orb.
     0 | D:1      | Reached XP level 1. HP: 16/16 MP: 1/1
   412 | D:1      | Gained mutation: You are partially covered in slimy green
                  | scales. (AC +2) [demonic ancestry]
   412 | D:1      | Reached XP level 2. HP: 22/22 MP: 2/2
   466 | D:1      | Reached skill level 3 in Dodging
   493 | D:1      | Reached skill level 1 in Armour
   494 | D:1      | Found Xurolim's Jewellery Boutique.
   574 | D:1      | Found Betoatyt's Weapon Emporium.
   864 | D:1      | Found Etulaly's Jewellery Boutique.
   971 | D:1      | Reached XP level 3. HP: 28/28 MP: 3/3
  1049 | D:1      | Found Jehatunung's General Store.
  1624 | D:2      | Found a faded altar of an unknown god.
  1720 | D:2      | Noticed Sigmund
  1778 | D:2      | Slain by a kobold

Illustrated notes

Levels and vault maps discovered:
D:1:      wheals_arrival_linesprint, layout_loops_ring, serial_shops,
          nicolae_shop_window_shopping, shop, nicolae_shop_bloodbath_and_beyond,
          shop_statue
D:2:      layout_basic, shapermc_ecumenical_altar_mp_ritualfount, minivault_11,
          uniq_robin, uniq_sigmund

Skill      XL: |  1  2 |
---------------+-------+-----
Dodging        | 3 |  3.3
Armour         | 1 |  1.6
Fighting       | |  2.8
Short Blades   | |  2.6
Throwing       | |  1.7

Action                   || total
-------------------------++-------
Melee: Rapier            ||    92
Armor: Leather armour    ||    25
Dodge: Dodged            ||    52

Table legend: (Time is in decaauts)
 A = Elapsed time spent in this place.
 B = Non-inter-level travel time spent in this place.
 C = Inter-level travel time spent in this place.
 D = Time resting spent in this place.
 E = Time spent auto-exploring this place.
 F = Levels seen in this place.
 G = Mean time per level.
                   A        B        C        D        E       F      G
               +--------+--------+--------+--------+--------+-----+--------+
         Total |   1785 |   1731 |     54 |    282 |   1167 |   2 |  892.5 |
       Dungeon |   1785 |   1731 |     54 |    282 |   1167 |   2 |  892.5 |
               +--------+--------+--------+--------+--------+-----+--------+

Top non-repeatable levels by time:
     D:1: 1288 daAuts
     D:2: 497 daAuts
